 Dungeon Crawl Stone Soup version 0.29.1-12-g30fa7ad0bf (webtiles) character file.

Game seed: 5229460489939811908

116 wormed the Vexing (level 5, -6/39 (40) HPs)
             Began as a Gnoll Arcane Marksman on Dec 23, 2022.
             Mangled by Crazy Yiuf
             ... wielding a +3 quarterstaff of chaos
              (8 damage)
             ... on level 2 of the Dungeon.
             The game lasted 00:11:23 (3023 turns).

wormed the Vexing (Gnoll Arcane Marksman)           Turns: 3023, Time: 00:11:24

HP:   -6/39 (40)    AC:  3    Str:  9    XL:     5   Next: 0%
MP:   8/9           EV: 13    Int: 12    God:
Gold: 132           SH:  0    Dex: 15    Spells: 9/10 levels left

rFire   + . .      SeeInvis .   s - +3 dagger
rCold   + . .      Faith    .   (no shield)
rNeg    . . .      Spirit   .   o - +0 leather armour
rPois   +          Reflect  .   (no helmet)
rElec   +          Harm     +   g - scarf {harm}
rCorr   +          Rampage  .   (no gloves)
Will    .....                   (no boots)
Stlth   ++........              (no amulet)
HPRegen 0.13/turn               (no ring)
MPRegen 0.11/turn               (no ring)

@: lethally poisoned (-6 -> -12), resistant, attractive, lightly drained
A: fangs 1, strong nose, distributed training
a: no special abilities


You were on level 2 of the Dungeon.
You visited 1 branch of the dungeon, and saw 2 of its levels.

You collected 132 gold pieces.

Inventory:

Hand Weapons
 a - a +1 sling
 s - a +3 dagger (weapon)
Armour
 g - a scarf of harm (worn)
 o - a +0 leather armour (worn)
Scrolls
 b - a scroll of poison
 e - 2 scrolls of enchant armour {unknown}
 f - 5 scrolls of identify {unknown}
 i - a scroll of blinking {unknown}
 k - a scroll of enchant weapon {unknown}
 l - a scroll of teleportation {unknown}
 m - a scroll of silence {unknown}
 q - 2 scrolls of fear {unknown}
Potions
 c - a potion of cancellation {unknown}
 d - a potion of heal wounds {unknown}
 h - a potion of brilliance {unknown}
 j - a potion of berserk rage {unknown}
 p - a potion of resistance
 r - a potion of attraction


   Skills:
 + Level 2.9 Fighting
 + Level 1.3 Short Blades
 + Level 1.3 Long Blades
 + Level 1.3 Axes
 + Level 1.3 Maces & Flails
 + Level 1.3 Polearms
 + Level 1.3 Staves
 + Level 4.7 Ranged Weapons
 + Level 1.3 Throwing
 + Level 1.3 Armour
 + Level 4.7 Dodging
 + Level 1.3 Stealth
 + Level 1.3 Shields
 + Level 1.3 Unarmed Combat
 + Level 3.1 Spellcasting
 + Level 1.1 Conjurations
 + Level 5.5 Hexes
 + Level 1.1 Summonings
 + Level 1.1 Necromancy
 + Level 1.1 Translocations
 + Level 1.1 Transmutations
 + Level 1.1 Fire Magic
 + Level 1.1 Ice Magic
 + Level 1.1 Air Magic
 + Level 1.1 Earth Magic
 + Level 1.1 Poison Magic
 + Level 1.5 Invocations
 + Level 1.3 Evocations


You had 9 spell levels left.
You knew the following spells:

 Your Spells              Type           Power      Damage    Failure   Level
a - Slow                  Hex            60%        N/A       3%          1

Your spell library contained the following spells:

 Spells                   Type           Power      Damage    Failure   Level
 Inner Flame              Hex/Fire       9%         N/A       26%         3
 Portal Projectile        Hex/Tloc       18%        N/A       26%         3
 Cause Fear               Hex            7%         N/A       34%         4


Dungeon Overview and Level Annotations

Branches:
Dungeon (2/15)

Altars:

Shops:
D:1 (:*

Annotations:
D:2 Crazy Yiuf


Innate Abilities, Weirdness & Mutations

You have very sharp teeth.
Your uncanny sense of smell can sniff out nearby items.
Your experience applies equally to all skills.


Message History

You see here a +0 hammer.
You see here a +0 hammer.
You see here a +0 hammer.
s - a +3 dagger (weapon)
You open the door. You hit Crazy Yiuf.
Crazy Yiuf is lightly wounded.
You hit Crazy Yiuf.
Crazy Yiuf is moderately wounded.
Crazy Yiuf closely misses you.
You hit Crazy Yiuf but do no damage.
Crazy Yiuf is moderately wounded.
Crazy Yiuf misses you.
You barely miss Crazy Yiuf.
Crazy Yiuf is moderately wounded.
Crazy Yiuf hits you with a +3 quarterstaff of chaos!
You feel drained.
You hit Crazy Yiuf.
Crazy Yiuf is heavily wounded.
Crazy Yiuf hits you with a +3 quarterstaff of chaos!
You are poisoned.
Casting: Slow (safe; 3% risk of failure)
Confirm with . or Enter, or press ? or * to list all spells.
Aiming: Slow (safe; 3% risk of failure)
Press: ? - help, Shift-Dir - straight line, f - Crazy Yiuf
Aim: Crazy Yiuf, wielding a +3 quarterstaff of chaos and wearing a +0 cloak (heavily wounded, chance to affect: 63%) Crazy Yiuf seems to slow down.
You feel very sick.
Crazy Yiuf hits you with a +3 quarterstaff of chaos.
* * * LOW HITPOINT WARNING * * *
It was a potion of resistance.
You feel protected.
* * * LOW HITPOINT WARNING * * *
You feel sick.
It was a potion of attraction.
You feel attractive to monsters.
* * * LOW HITPOINT WARNING * * *
You feel sick.
Crazy Yiuf hits you with a +3 quarterstaff of chaos!
You die...

###♣♣♣♣♣ ########...)♣)♣♣♣ ###
...........P)♣))♣#)))#
..........P.♣♣♣♣@g)).#
...........♣♣ ♣♣#)))#
........##♣♣ ### ........#
........# ##### ...##...#
######### #<... .####...#
####.......########### ........#
##..........'..........
#####...###..##.......#########..


You could see Crazy Yiuf (slow).

Vanquished Creatures
  Terence (D:2)
  3 adders
  A worm (D:2)
  4 dart slugs
  8 ball pythons
  5 bats
  4 giant cockroaches
  5 goblins
  6 hobgoblins
  4 kobolds
  A quokka (D:1)
  2 frilled lizards
  6 rats
50 creatures vanquished.

Notes
Turn   | Place    | Note
-------+----------+-------------------------------------------
     0 | D:1      | wormed the Gnoll Arcane Marksman began the quest for the
                  | Orb.
     0 | D:1      | Reached XP level 1. HP: 17/17 MP: 4/4
   134 | D:1      | Reached XP level 2. HP: 23/23 MP: 5/5
   248 | D:1      | Found Kiasuc's General Store.
   664 | D:1      | Found Pyosaoz's Antique Weapon Emporium.
   791 | D:1      | Reached XP level 3. HP: 28/28 MP: 7/7
   942 | D:1      | Found Foecot's Book Boutique.
  1207 | D:2      | Reached skill level 1 in Invocations
  1370 | D:2      | Reached skill level 1 in Short Blades
  1370 | D:2      | Reached skill level 1 in Long Blades
  1370 | D:2      | Reached skill level 1 in Axes
  1370 | D:2      | Reached skill level 1 in Maces & Flails
  1370 | D:2      | Reached skill level 1 in Polearms
  1370 | D:2      | Reached skill level 1 in Staves
  1370 | D:2      | Reached skill level 1 in Throwing
  1370 | D:2      | Reached skill level 1 in Armour
  1370 | D:2      | Reached skill level 1 in Stealth
  1370 | D:2      | Reached skill level 1 in Shields
  1370 | D:2      | Reached skill level 1 in Unarmed Combat
  1370 | D:2      | Reached skill level 1 in Evocations
  2247 | D:2      | Found a runed translucent door.
  2248 | D:2      | Noticed Crazy Yiuf
  2283 | D:2      | Reached XP level 4. HP: 34/34 MP: 8/8
  2466 | D:2      | Reached skill level 1 in Conjurations
  2466 | D:2      | Reached skill level 1 in Summonings
  2466 | D:2      | Reached skill level 1 in Necromancy
  2466 | D:2      | Reached skill level 1 in Translocations
  2466 | D:2      | Reached skill level 1 in Transmutations
  2466 | D:2      | Reached skill level 1 in Fire Magic
  2466 | D:2      | Reached skill level 1 in Ice Magic
  2466 | D:2      | Reached skill level 1 in Air Magic
  2466 | D:2      | Reached skill level 1 in Earth Magic
  2466 | D:2      | Reached skill level 1 in Poison Magic
  2466 | D:2      | Noticed Terence
  2856 | D:2      | Killed Terence
  2857 | D:2      | Reached XP level 5. HP: 31/40 MP: 9/9
  3023 | D:2      | Mangled by Crazy Yiuf

Illustrated notes

Levels and vault maps discovered:
D:1:      matt_arrival_diagonals, layout_basic, serial_shops,
          nicolae_square_shop, shop, nicolae_shop_crystal,
          corexii_leaking_fountain
D:2:      layout_basic, kennysheep_generic_room_9, uniq_terence,
          uniq_crazy_yiuf_cottage

Skill      XL: |  1  2  3  4 |
---------------+-------------+-----
Invocations    | 1 |  1.5
Short Blades   | 1 |  1.3
Long Blades    | 1 |  1.3
Axes           | 1 |  1.3
Maces & Flails | 1 |  1.3
Polearms       | 1 |  1.3
Staves         | 1 |  1.3
Throwing       | 1 |  1.3
Armour         | 1 |  1.3
Stealth        | 1 |  1.3
Shields        | 1 |  1.3
Unarmed Combat | 1 |  1.3
Evocations     | 1 |  1.3
Spellcasting   | 3 |  3.1
Conjurations   | 1 |  1.1
Summonings     | 1 |  1.1
Necromancy     | 1 |  1.1
Translocations | 1 |  1.1
Transmutations | 1 |  1.1
Fire Magic     | 1 |  1.1
Ice Magic      | 1 |  1.1
Air Magic      | 1 |  1.1
Earth Magic    | 1 |  1.1
Poison Magic   | 1 |  1.1
Fighting       | |  2.9
Ranged Weapons | |  4.7
Dodging        | |  4.7
Hexes          | |  5.5

Action                   |  1- 3 |  4- 6 || total
-------------------------+-------+-------++-------
Melee: Dagger            |       |    22 ||    22
       Bite              |       |     1 ||     1
 Fire: Sling             |   147 |    49 ||   196
 Cast: Slow              |    19 |     5 ||    24
  Use: Potion            |     3 |     2 ||     5
Armor: Robe              |     6 |       ||     6
       Leather armour    |    10 |     3 ||    13
Dodge: Dodged            |    59 |    19 ||    78
